 Dungeon Crawl Stone Soup version 0.25.0-9-g26727b657a (webtiles) character file.

Game seed: 718795140058538051

4 Esekla the Skirmisher (level 1, 0/16 HPs)
             Began as an Octopode Abyssal Knight on June 18, 2020.
             Was an Initiate of Lugonu.
             Slain by a kobold
             ... wielding a +0 whip
              (5 damage)
             ... on level 1 of the Dungeon.
             The game lasted 00:01:11 (165 turns).

Esekla the Skirmisher (Octopode Abyssal Knight)      Turns: 165, Time: 00:01:11

Health: 0/16       AC:  1    Str: 11    XL:     1   Next: 60%
Magic:  2/2        EV: 13    Int: 20    God:    Lugonu [......]
Gold:   6          SH:  0    Dex: 11    Spells: 0/0 levels left

rFire    . . .     SeeInvis .   a - +1 falchion
rCold    . . .     Gourm    .   (no shield)
rNeg     . . .     Faith    .   (helmet restricted)
rPois    .         Spirit   .   (no amulet)
rElec    .         Reflect  .   e - +6 ring of intelligence (curse)
rCorr    .         Harm     .   (no ring)
MR       .....                  (no ring)
Stlth    ++........             (no ring)
HPRegen  0.05/turn              (no ring)
MPRegen  0.08/turn              (no ring)
                                (no ring)
                                (no ring)

@: no status effects
A: almost no armour, stealthy swim, amphibious, 8 rings, constrict 8, camouflage
1, gelatinous body 1
a: Renounce Religion


You were on level 1 of the Dungeon.
You worshipped Lugonu.
Lugonu was noncommittal.
You were not hungry.

You visited 1 branch of the dungeon, and saw 1 of its levels.
You visited the Abyss 1 time.

You collected 6 gold pieces.

Inventory:

Hand Weapons
 a - a +1 falchion (weapon)
Missiles
 d - 10 poisoned darts (quivered)
Jewellery
 e - a cursed +6 ring of intelligence (left tentacle)
Scrolls
 f - a scroll of enchant armour {unknown}
Potions
 c - a potion of magic {unknown}
Comestibles
 b - a ration


   Skills:
 + Level 3.1 Fighting
 * Level 2.0 Long Blades
 * Level 2.4 Dodging
 + Level 2.0 Invocations


You couldn't memorise any spells.
You didn't know any spells.
Your spell library was empty.

Dungeon Overview and Level Annotations

Branches:
Dungeon (1/15)

Altars:


Innate Abilities, Weirdness & Mutations

You cannot wear most types of armour.
You are very stealthy in the water. (Stealth+)
You are amphibious.
You can wear up to eight rings at the same time.
You can use your tentacles to constrict eight enemies at once.
Your skin changes colour to match your surroundings (Stealth+).
Your rubbery body absorbs attacks. (AC +1, EV +1)


Message History

You kill the giant cockroach!
Lugonu accepts your kill. The bat barely misses you.
You riposte.
You hit the bat. You grab the bat.
The bat is moderately wounded.
You release your grip on the bat.
The bat barely misses you.
You see here a giant cockroach corpse.
The bat misses you.
You riposte.
You hit the bat.
You kill the bat!
Lugonu accepts your kill.
Found 6 gold pieces.
You see here a bat corpse.
A kobold comes into view. It is wielding a +0 whip.
The kobold shouts!
A rat comes into view.
You see here a ration.
A kobold comes into view.
You see here 6 gold pieces.
You now have 6 gold pieces.
The kobold hits you with a +0 whip. The kobold hits you with a +0 whip.
You die...

......# ......#
......#############
..).....†.........#
.....#+#†.....[...#
##.....#..........#
##.....#...%......##
.'.............rK..+
##.............#@#.#
##.............#.#..K
##.............#.##....
##.............#.#
......
########+#.....#+#
#..... ####### .#......
.#### ......# .# ..
#####.##.## ......#...


You could see a kobold and a rat.

Vanquished Creatures
  A bat (D:1)
  A giant cockroach (D:1)
  A hobgoblin (D:1)
3 creatures vanquished.

Notes
Turn   | Place    | Note
-------+----------+-------------------------------------------
     0 | Abyss:1  | Esekla the Octopode Abyssal Knight began the quest for the
                  | Orb.
     0 | Abyss:1  | Reached XP level 1. HP: 16/16 MP: 2/2
    48 | Abyss:1  | Noticed a spatial vortex
    48 | Abyss:1  | Noticed a spatial vortex
    48 | Abyss:1  | Noticed a spatial maelstrom
    60 | Abyss:1  | Noticed a freezing wraith
    63 | Abyss:1  | Noticed a thrashing horror
    67 | D:1      | Escaped the Abyss
   165 | D:1      | Slain by a kobold

Illustrated notes

Levels and vault maps discovered:
D:1:      grunt_arrival_crossed_arrows, layout_basic,
          minmay_misc_feat_secret_circle, skrybe_limestone_x,
          chequers_arboretum, lexackson_kobold_supper

Action                   || total
-------------------------++-------
Melee: Falchion          ||     4
       Constrict         ||     3
Invok: Depart the Abyss  ||     1
Armor: Skin              ||     1
Dodge: Dodged            ||     5
       Rpst.: Falchion   ||     3
